Map: King's Cove LE

Players

HeadBeagle - Winner!

  • Race: Terran Terran
  • League: Platinum
  • Spawn Location: 5:00

isirider

  • Race: Terran Terran
  • League: Platinum
  • Spawn Location: 11:00

VOD

Have the link to the VOD?

Description

Time

  • Played on: July 21, 2019, 12:51 p.m.
  • Length: 15:01
Show
View Real Time Build Order
Export as new Build Order

HeadBeagle Terran - Winner!

Build Orders: Command Center First (CC) 

Get SALT Encoding   

  12  0:01  SCV  
  13  0:13  SCV  
  14  0:19  Supply Depot  
  14  0:25  SCV  
  15  0:40  SCV  
  16  0:52  SCV  
  17  1:05  SCV  
  17  1:09  Command Center  
  18  1:17  SCV  
  19  1:20  Barracks  
  19  1:29  SCV  
  20  1:37  Barracks  
  20  1:41  SCV  
  21  1:52  Barracks  
  21  1:53  SCV  
  22  1:58  Refinery  
  22  2:13  Marine, Bunker  
  23  2:17  Orbital Command  
  23  2:26  Orbital Command  
  23  2:30  Marine  
  23  2:34  Marine  
  25  2:40  Marine  
  26  2:49  SCV, Supply Depot  
  27  2:52  Marine x2  
  29  3:00  SCV  
  29  3:01  SCV  
  29  3:02  Marine  
  32  3:08  Supply Depot  
  32  3:10  Marine  
  32  3:11  Marine  
  32  3:12  SCV  
  35  3:20  Marine  
  36  3:27  Marine  
  36  3:28  Marine  
  38  3:38  Marine  
  39  3:45  Marine  
  39  3:46  Marine  
  40  3:56  Marine  
  38  4:03  Marine  
  38  4:04  Marine  
  40  4:13  Marine  
  41  4:21  Marine  
  41  4:22  Marine  
  43  4:24  SCV  
  43  4:25  SCV  
  43  4:31  Barracks, Marine  
  43  4:32  Supply Depot  
  43  4:36  SCV  
  43  4:37  SCV  
  46  4:39  Marine  
  46  4:40  Marine  
  43  4:49  SCV, Marine  
  42  4:53  Supply Depot  
  42  4:55  Command Center  
  42  4:57  Marine x2  
  44  5:07  Marine  
  44  5:12  Factory  
  44  5:13  SCV x2  
  47  5:16  Supply Depot  
  47  5:18  Barracks  
  47  5:21  Marine x2  
  47  5:25  SCV x2, Marine  
  47  5:26  Marine  
  53  5:35  Engineering Bay  
  53  5:37  SCV  
  53  5:39  Marine x2  
  53  5:40  Supply Depot  
  52  5:43  Marine  
  52  5:44  Marine  
  51  5:57  Marine x2  
  51  6:00  Marine  
  51  6:02  Marine  
  55  6:07  Orbital Command  
  55  6:15  Marine x2, Factory Reactor  
  52  6:32  Starport, Barracks  
  52  6:34  Marine x5  
  52  6:46  SCV x2  
  52  6:51  Supply Depot  
  52  6:52  Marine x5  
  52  6:58  SCV x2  
  52  7:10  Marine x5  
  52  7:11  Factory Tech Lab  
  52  7:16  Supply Depot  
  52  7:19  SCV x2  
  52  7:20  Supply Depot  
  52  7:27  Marine  
  52  7:28  Marine x3  
  52  7:31  SCV x2  
  52  8:05  Supply Depot  
  52  8:37  Marine x6  
  52  8:40  SCV x2  
  52  8:52  SCV  
  52  8:55  Marine x6  
  52  8:57  SCV  
  52  9:04  SCV  
  52  9:09  SCV, Command Center  
  52  9:10  Supply Depot  
  52  9:12  Marine  
  52  9:13  Marine x2, Command Center  
  52  9:16  SCV  
  52  9:18  Supply Depot  
  52  9:19  Barracks  
  52  9:21  SCV  
  52  9:25  Command Center  
  52  9:28  SCV  
  52  9:33  SCV  
  52  9:40  SCV  
  52  9:48  Marine x4  
  52  9:49  Marine x2  
  52  10:06  Barracks, Marine x5  
  52  10:18  Terran Infantry Weapons Level 1  
  52  10:44  Marine x3  
  52  11:21  Marine  
  52  11:31  Orbital Command  
  52  11:54  Command Center  
  52  11:56  Barracks  
  52  11:57  Barracks  
  52  11:59  Barracks  
  52  12:03  Barracks  
  52  12:05  Barracks  
  52  12:06  Barracks  
  52  12:08  Barracks  
  52  12:11  Command Center  
  52  12:23  Orbital Command  
  52  12:26  Command Center  
  52  12:29  Orbital Command  
  52  12:49  Marine x4  
  52  12:50  Marine x3  
  52  13:07  Marine x7  
  52  13:25  Marine x7  
  52  13:43  Marine x7, Orbital Command  
  52  13:57  Barracks  
  52  14:00  Marine  
  52  14:01  Medivac x2, Marine x6  
  52  14:04  Siege Tank  
  52  14:09  Orbital Command  
  52  14:25  Orbital Command  
  52  14:30  Medivac, SCV x4  
  52  14:31  Medivac  
  52  14:35  Marine x3  
  52  14:36  Marine x12  
  52  14:42  SCV x4  
  52  14:46  Barracks  
Show
View Real Time Build Order
Export as new Build Order

isirider Terran 

Build Orders:  

Get SALT Encoding   

  12  0:01  SCV  
  13  0:13  SCV  
  14  0:20  Supply Depot  
  14  0:26  SCV  
  15  0:48  Barracks  
  15  0:53  Barracks  
  15  1:05  Barracks  
  15  1:19  Barracks  
  15  1:36  Marine  
  16  1:44  Marine  
  16  1:45  Supply Depot  
  17  1:54  Marine x2  
  19  2:01  Marine  
  19  2:06  Marine  
  21  2:11  Marine  
  21  2:12  Marine  
  23  2:19  Marine, Supply Depot  
  24  2:24  Marine  
  25  2:36  Marine  
  26  2:37  Marine  
  26  2:41  Supply Depot  
  26  2:42  Marine  
  26  2:43  Marine  
  29  2:54  Marine  
  29  2:55  Marine  
  31  2:59  Marine  
  31  3:01  Marine  
  33  3:12  Marine  
  34  3:13  Marine  
  34  3:17  Marine  
  34  3:19  Marine  
  30  3:30  Marine  
  30  3:32  Marine  
  30  3:35  Marine  
  30  3:37  Marine  
  31  3:48  Marine  
  32  3:50  Marine  
  32  3:53  Marine  
  32  3:54  Marine  
  27  4:05  Marine  
  27  4:08  Marine  
  28  4:11  Marine  
  28  4:12  Marine  
  29  4:23  Marine  
  26  4:38  Marine x3  
  27  4:41  Marine  
  24  4:56  Marine x3  
  24  4:59  Marine  
  28  5:13  Marine  
  28  5:14  Marine x2  
  30  5:17  Marine  
  32  5:31  Marine x2  
  32  5:32  Marine  
  32  5:34  Marine  
  33  5:49  Marine x3  
  29  5:52  Marine  
  31  6:07  Marine x3  
  31  6:10  Marine  
  27  6:25  Marine x3  
  27  6:28  Marine  
  27  6:42  Marine  
  27  6:43  Marine x2  
  27  6:46  Marine  
Tags
 
Add a new tag
Caveats
  • Supply blocks, unpowered buildings, or Contaminate may cause inaccurate times.
  • Supply counts are checked every 10 seconds.